TOP OF THE 1ST |
Tulsa HS As batting - Pitching for Maris School : LHP Tony González
|
Pitching: LHP Tony González
|
|
Batting: LHB Ed Ballard
|
0-0: Ground out U3 (Groundball, 3)
|
Batting: LHB Matt Clark
|
0-0: Ball 1-0: Ground out 4-3 (Groundball, 4)
|
Batting: RHB Grant Kelly
|
0-0: Ball 1-0: Ball 2-0: Ball 3-0: Called Strike 3-1: Foul Ball, location: 2F 3-2: Foul Ball, location: 2F 3-2: Foul Ball, location: 2F 3-2: Foul Ball, location: 2F 3-2: Foul Ball, location: 2F 3-2: Fly out, F7 (Flyball, 7LD)
|
Top of the 1st over - 0 run(s), 0 hit(s), 0 error(s), 0 left on base; Tulsa HS 0 - Maris School 0 |
BOTTOM OF THE 1ST |
Maris School batting - Pitching for Tulsa HS As : RHP Gonzalo Castillo
|
Pitching: RHP Gonzalo Castillo
|
|
Batting: RHB Bruce Adams
|
0-0: Called Strike 0-1: Called Strike 0-2: Ball 1-2: Strikes out swinging
|
Batting: RHB Zane Heath
|
0-0: Ball 1-0: Called Strike 1-1: Fly out, F3 (Flyball, 3D)
|
Batting: RHB Neal Sánchez
|
0-0: Foul Ball, location: 2F 0-1: Ball 1-1: Foul Ball, location: 2F 1-2: SINGLE (Groundball, 6D)
|
Batting: SHB Jacob Lachance
|
0-0: Foul Ball, location: 2F 0-1: Swinging Strike 0-2: Ball 1-2: Strikes out swinging
|
Bottom of the 1st over - 0 run(s), 1 hit(s), 0 error(s), 1 left on base; Tulsa HS 0 - Maris School 0 |
TOP OF THE 2ND |
Tulsa HS As batting - Pitching for Maris School : LHP Tony González
|
Batting: LHB Edgar López
|
0-0: Ball 1-0: Foul Ball, location: 2F 1-1: Swinging Strike 1-2: Ball 2-2: Ball 3-2: Fly out, F9 (Flyball, 9LDF)
|
Batting: LHB Tim Black
|
0-0: Foul Ball, location: 2F 0-1: Ball 1-1: Called Strike 1-2: Ball 2-2: Ball 3-2: SINGLE (Groundball, 34D)
|
Batting: RHB Joe Lord
|
0-0: Ball 1-0: Swinging Strike 1-1: SINGLE (Groundball, 34D) Tim Black to second Runner from 2nd tries for 3rd, SAFE, throw made to third
|
Batting: SHB Daniel Lee
|
0-0: Ball 1-0: Called Strike 1-1: Ball 2-1: Swinging Strike 2-2: Strikes out swinging
|
Batting: RHB C.J. Pinnock
|
0-0: Ball 1-0: SINGLE (Flyball, 78S) Tim Black scores Joe Lord to second
|
Batting: RHB Jason Becker
|
0-0: Ball 1-0: Ball 2-0: Ball 3-0: Called Strike 3-1: Base on Balls Joe Lord to third C.J. Pinnock to second
|
Batting: LHB Ed Ballard
|
0-0: Called Strike 0-1: Ball 1-1: Ball 2-1: Foul Ball, location: 2F 2-2: Fly out, F7 (Flyball, 7S)
|
Top of the 2nd over - 1 run(s), 3 hit(s), 0 error(s), 3 left on base; Tulsa HS 1 - Maris School 0 |
BOTTOM OF THE 2ND |
Maris School batting - Pitching for Tulsa HS As : RHP Gonzalo Castillo
|
Batting: LHB Ryan Martin
|
0-0: Ball 1-0: Ball 2-0: Ball 3-0: Base on Balls
|
Batting: SHB Pedro Villalobos
|
0-0: Foul Ball, location: 2F 0-1: Foul Ball, location: 2F 0-2: Ground out 5-3 (Groundball, 56S) Ryan Martin to second
|
Batting: RHB Stephen Welshman
|
0-0: Ball 1-0: Ball 2-0: SINGLE (Groundball, 6MD) Ryan Martin to third
|
Batting: LHB Stan Miller
|
0-0: Called Strike 0-1: Called Strike 0-2: Ball 1-2: Strikes out looking
|
Batting: LHB Dustin Wesman
|
0-0: Ball 1-0: DOUBLE (Groundball, 3L) Ryan Martin scores Stephen Welshman to third
|
Batting: RHB Bruce Adams
|
0-0: Called Strike 0-1: Fly out, F9 (Flyball, 9)
|
Bottom of the 2nd over - 1 run(s), 2 hit(s), 0 error(s), 2 left on base; Tulsa HS 1 - Maris School 1 |
TOP OF THE 3RD |
Tulsa HS As batting - Pitching for Maris School : LHP Tony González
|
Batting: LHB Matt Clark
|
0-0: Ball 1-0: Called Strike 1-1: SINGLE (Flyball, 8LS)
|
Batting: RHB Grant Kelly
|
0-0: Swinging Strike 0-1: Ball 1-1: Ball 2-1: Swinging Strike 2-2: Foul Ball, location: 2F 2-2: Strikes out swinging
|
Batting: LHB Edgar López
|
0-0: Ball 1-0: Ball 2-0: Ball 3-0: Called Strike 3-1: Base on Balls Matt Clark to second
|
Batting: LHB Tim Black
|
0-0: Ball 1-0: Called Strike 1-1: Fly out, F9 (Flyball, 89S)
|
Batting: RHB Joe Lord
|
0-0: Ball 1-0: Ball 2-0: Called Strike 2-1: Foul Ball, location: 2F 2-2: Ball 3-2: Fly out, F9 (Flyball, 9S)
|
Top of the 3rd over - 0 run(s), 1 hit(s), 0 error(s), 2 left on base; Tulsa HS 1 - Maris School 1 |
BOTTOM OF THE 3RD |
Maris School batting - Pitching for Tulsa HS As : RHP Gonzalo Castillo
|
Batting: RHB Zane Heath
|
0-0: Called Strike 0-1: SINGLE (Line Drive, 8LM)
|
Batting: RHB Neal Sánchez
|
0-0: Swinging Strike 0-1: Ball 1-1: Ball 2-1: Called Strike 2-2: Foul Ball, location: 2F 2-2: Foul Ball, location: 2F 2-2: Ball 3-2: SINGLE (Groundball, 34D) Zane Heath to second
|
Batting: SHB Jacob Lachance
|
0-0: Swinging Strike 0-1: Ball 1-1: Ball 2-1: Called Strike 2-2: Strikes out swinging
|
Batting: LHB Ryan Martin
|
0-0: Ball 1-0: Fielders Choice at 2nd, 1-6 (Groundball, 13S) Zane Heath to third
|
Batting: SHB Pedro Villalobos
|
0-0: Fly out, F8 (Flyball, 89S)
|
Bottom of the 3rd over - 0 run(s), 2 hit(s), 0 error(s), 2 left on base; Tulsa HS 1 - Maris School 1 |
TOP OF THE 4TH |
Tulsa HS As batting - Pitching for Maris School : LHP Tony González
|
Batting: SHB Daniel Lee
|
0-0: Ball 1-0: Foul Ball, location: 2F 1-1: SINGLE (Line Drive, 89S)
|
Batting: RHB C.J. Pinnock
|
0-0: Foul Ball, location: 2F 0-1: SINGLE (Line Drive, 78M) Daniel Lee to second
|
Batting: RHB Jason Becker
|
0-0: Called Strike 0-1: Fly out, F9 (Flyball, 9)
|
Batting: LHB Ed Ballard
|
0-0: Called Strike 0-1: Ball 1-1: Foul Ball, location: 2F 1-2: Ball 2-2: Ball 3-2: Fly out, F5 (Popup, 56)
|
Pitching: RHP Rob Mullins
|
|
Batting: LHB Matt Clark
|
0-0: SINGLE (Flyball, 78S) Daniel Lee to third C.J. Pinnock to second Runner from 3rd tries for Home, SAFE, throw made at trailing runner, SAFE at third!
|
Batting: RHB Grant Kelly
|
0-0: Fielders Choice at 2nd, 6-4 (Groundball, 6)
|
Top of the 4th over - 1 run(s), 3 hit(s), 0 error(s), 1 left on base; Tulsa HS 2 - Maris School 1 |
BOTTOM OF THE 4TH |
Maris School batting - Pitching for Tulsa HS As : RHP Gonzalo Castillo
|
Batting: RHB Stephen Welshman
|
0-0: Foul Ball, location: 2F 0-1: Ball 1-1: Fly out, F8 (Flyball, 8LM)
|
Batting: LHB Stan Miller
|
0-0: Called Strike 0-1: Ball 1-1: Swinging Strike 1-2: Strikes out swinging
|
Batting: LHB Dustin Wesman
|
0-0: Ball 1-0: Foul Ball, location: 2F 1-1: Fly out, F9 (Flyball, 9S)
|
Bottom of the 4th over - 0 run(s), 0 hit(s), 0 error(s), 0 left on base; Tulsa HS 2 - Maris School 1 |
TOP OF THE 5TH |
Tulsa HS As batting - Pitching for Maris School : RHP Rob Mullins
|
Batting: LHB Edgar López
|
0-0: Ball 1-0: Ball 2-0: SINGLE (Groundball, 34D)
|
Batting: LHB Tim Black
|
0-0: Called Strike 0-1: Swinging Strike 0-2: Foul Ball, location: 2F 0-2: Ball 1-2: Ball 2-2: Ball 3-2: Grounds into double play, 6-4-3 (Groundball, 6)
|
Batting: RHB Joe Lord
|
0-0: Ball 1-0: Ground out 1-3 (Groundball, 13)
|
Top of the 5th over - 0 run(s), 1 hit(s), 0 error(s), 0 left on base; Tulsa HS 2 - Maris School 1 |
BOTTOM OF THE 5TH |
Maris School batting - Pitching for Tulsa HS As : RHP Gonzalo Castillo
|
Batting: RHB Bruce Adams
|
0-0: Ball 1-0: Ground out 5-3 (Groundball, 56)
|
Batting: RHB Zane Heath
|
0-0: Called Strike 0-1: Swinging Strike 0-2: Ball 1-2: Foul Ball, location: 2F 1-2: Foul Ball, location: 2F 1-2: Ball 2-2: Foul Ball, location: 2F 2-2: Ball 3-2: Foul Ball, location: 2F 3-2: Base on Balls
|
Batting: RHB Neal Sánchez
|
0-0: Foul Ball, location: 2F 0-1: Foul Ball, location: 2F 0-2: Grounds into double play, 5-4-3 (Groundball, 56)
|
Bottom of the 5th over - 0 run(s), 0 hit(s), 0 error(s), 0 left on base; Tulsa HS 2 - Maris School 1 |
TOP OF THE 6TH |
Tulsa HS As batting - Pitching for Maris School : RHP Rob Mullins
|
Batting: SHB Daniel Lee
|
0-0: Swinging Strike 0-1: Swinging Strike 0-2: Foul Ball, location: 2F 0-2: Strikes out swinging, 2-3 out at first.
|
Batting: RHB C.J. Pinnock
|
0-0: SOLO HOME RUN (Flyball, 78XD), Distance : 439 ft
|
Batting: RHB Jason Becker
|
0-0: Ball 1-0: Ball 2-0: Fly out, F9 (Flyball, 89M)
|
Batting: LHB Ed Ballard
|
0-0: Foul Ball, location: 2F 0-1: Swinging Strike 0-2: Strikes out swinging
|
Top of the 6th over - 1 run(s), 1 hit(s), 0 error(s), 0 left on base; Tulsa HS 3 - Maris School 1 |
BOTTOM OF THE 6TH |
Maris School batting - Pitching for Tulsa HS As : RHP Gonzalo Castillo
|
Batting: SHB Jacob Lachance
|
0-0: Ball 1-0: Swinging Strike 1-1: Foul Ball, location: 2F 1-2: Foul Ball, location: 2F 1-2: Foul Ball, location: 2F 1-2: Foul Ball, location: 2F 1-2: Foul Ball, location: 2F 1-2: Ball 2-2: Strikes out swinging
|
Pitching: RHP Brian Gardner
|
|
Batting: LHB Ryan Martin
|
0-0: Ball 1-0: Foul Ball, location: 2F 1-1: Foul Ball, location: 2F 1-2: Ball 2-2: Ground out U3 (Groundball, 3L)
|
Batting: SHB Pedro Villalobos
|
0-0: Ball 1-0: Ground out 4-3 (Groundball, 4)
|
Bottom of the 6th over - 0 run(s), 0 hit(s), 0 error(s), 0 left on base; Tulsa HS 3 - Maris School 1 |
TOP OF THE 7TH |
Tulsa HS As batting - Pitching for Maris School : RHP Rob Mullins
|
Batting: LHB Matt Clark
|
0-0: Foul Ball, location: 2F 0-1: Ball 1-1: Ball 2-1: SINGLE (Groundball, 34D)
|
Batting: RHB Grant Kelly
|
0-0: Ball 1-0: Ball 2-0: Foul Ball, location: 2F 2-1: Called Strike 2-2: 2-RUN HOME RUN (Line Drive, 7LD), Distance : 367 ft
|
Pitching: LHP Porter Dobie
|
|
Batting: LHB Edgar López
|
0-0: Foul Ball, location: 2F 0-1: Ball 1-1: Foul Ball, location: 2F 1-2: Ball 2-2: Ground out 4-3 (Groundball, 4)
|
Batting: LHB Tim Black
|
0-0: SINGLE (Flyball, 8LS)
|
Batting: RHB Joe Lord
|
0-0: Ball 1-0: Swinging Strike 1-1: Called Strike 1-2: Strikes out swinging
|
Batting: SHB Daniel Lee
|
0-0: Called Strike 0-1: Ball 1-1: Called Strike 1-2: Ball 2-2: Foul Ball, location: 2F 2-2: Ball 3-2: Fly out, F8 (Flyball, 8RM)
|
Top of the 7th over - 2 run(s), 3 hit(s), 0 error(s), 1 left on base; Tulsa HS 5 - Maris School 1 |
BOTTOM OF THE 7TH |
Maris School batting - Pitching for Tulsa HS As : RHP Brian Gardner
|
Batting: RHB Stephen Welshman
|
0-0: Ball 1-0: Ball 2-0: Ball 3-0: Called Strike 3-1: Ground out 5-3 (Groundball, 5)
|
Batting: LHB Stan Miller
|
0-0: Hit by Pitch
|
Batting: LHB Dustin Wesman
|
0-0: Called Strike 0-1: Ball 1-1: Called Strike 1-2: SINGLE (Line Drive, 8RS) Stan Miller to second
|
Batting: RHB Bruce Adams
|
0-0: Ball 1-0: Ball 2-0: Foul Ball, location: 2F 2-1: Ball 3-1: Base on Balls Stan Miller to third Dustin Wesman to second
|
Batting: RHB Zane Heath
|
0-0: Ball 1-0: Foul Ball, location: 2F 1-1: Called Strike 1-2: SINGLE (Groundball, 56D) Stan Miller scores Dustin Wesman to third Bruce Adams to second
|
Batting: RHB Neal Sánchez
|
0-0: Fly out, F9 (Flyball, 9) Runner from 3rd tags up, SCORES, throw made
|
Pitching: RHP Pete Ross
|
|
Batting: SHB Jacob Lachance
|
0-0: Ball 1-0: Foul Ball, location: 2F 1-1: Called Strike 1-2: Ball 2-2: Ball 3-2: Ground out 4-3 (Groundball, 4)
|
Bottom of the 7th over - 2 run(s), 2 hit(s), 0 error(s), 2 left on base; Tulsa HS 5 - Maris School 3 |
TOP OF THE 8TH |
Tulsa HS As batting - Pitching for Maris School : LHP Porter Dobie
|
Batting: RHB C.J. Pinnock
|
0-0: Ball 1-0: Called Strike 1-1: Foul Ball, location: 2F 1-2: Ball 2-2: Ground out 5-3 (Groundball, 5)
|
Batting: RHB Jason Becker
|
0-0: Called Strike 0-1: Ball 1-1: SINGLE (Groundball, 6MD)
|
Batting: LHB Ed Ballard
|
0-0: Ball 1-0: SINGLE (Flyball, 7LM) Jason Becker to second
|
Batting: LHB Matt Clark
|
0-0: Foul Ball, location: 2F 0-1: Called Strike 0-2: Strikes out looking
|
Batting: RHB Grant Kelly
|
0-0: Fielders Choice at 2nd, 6-4 (Groundball, 6)
|
Top of the 8th over - 0 run(s), 2 hit(s), 0 error(s), 1 left on base; Tulsa HS 5 - Maris School 3 |
BOTTOM OF THE 8TH |
Maris School batting - Pitching for Tulsa HS As : RHP Pete Ross
|
Batting: LHB Ryan Martin
|
0-0: Foul Ball, location: 2F 0-1: Foul Ball, location: 2F 0-2: Ball 1-2: Fly out, F9 (Flyball, 9)
|
Batting: SHB Pedro Villalobos
|
0-0: Foul Ball, location: 2F 0-1: Ball 1-1: Ball 2-1: Ball 3-1: Swinging Strike 3-2: Foul Ball, location: 2F 3-2: Base on Balls
|
Pitching: RHP Raúl Díaz
|
|
Batting: RHB Stephen Welshman
|
0-0: Ball 1-0: Called Strike 1-1: Ball 2-1: Foul Ball, location: 2F 2-2: Ball 3-2: Strikes out swinging
|
Pitching: LHP Terry Parker
|
|
Batting: LHB Stan Miller
|
0-0: Ball 1-0: Ball 2-0: Swinging Strike 2-1: Ball 3-1: Base on Balls Pedro Villalobos to second
|
Batting: LHB Dustin Wesman
|
0-0: Ball Wild Pitch! Pedro Villalobos to third Stan Miller to second 1-0: Called Strike 1-1: Fly out, F7 (Flyball, 7LS)
|
Bottom of the 8th over - 0 run(s), 0 hit(s), 0 error(s), 2 left on base; Tulsa HS 5 - Maris School 3 |
TOP OF THE 9TH |
Tulsa HS As batting - Pitching for Maris School : LHP Porter Dobie
|
Pitching: RHP Mark Schroder
|
|
Batting: LHB Edgar López
|
0-0: Swinging Strike 0-1: Swinging Strike 0-2: Ball 1-2: Ball 2-2: Strikes out swinging
|
Batting: LHB Tim Black
|
0-0: Ball 1-0: Ball 2-0: Swinging Strike 2-1: Foul Ball, location: 2F 2-2: Ball 3-2: Foul Ball, location: 2F 3-2: Foul Ball, location: 2F 3-2: Base on Balls
|
Batting: RHB Joe Lord
|
0-0: Ball 1-0: Ball 2-0: Foul Ball, location: 2F 2-1: Fly out, F8 (Flyball, 8LS)
|
Batting: SHB Daniel Lee
|
0-0: Ball Tim Black is caught stealing 2nd base
|
Top of the 9th over - 0 run(s), 0 hit(s), 0 error(s), 0 left on base; Tulsa HS 5 - Maris School 3 |
BOTTOM OF THE 9TH |
Maris School batting - Pitching for Tulsa HS As : LHP Terry Parker
|
Pitching: RHP Joe Carver
|
|
Batting: RHB Bruce Adams
|
0-0: Called Strike 0-1: Swinging Strike 0-2: Ball 1-2: Foul Ball, location: 2F 1-2: Ball 2-2: Ball 3-2: Base on Balls
|
Batting: RHB Zane Heath
|
0-0: Foul Ball, location: 2F 0-1: Called Strike 0-2: SINGLE (Flyball, 89S) Bruce Adams to second Runner from 2nd tries for 3rd, SAFE, no throw
|
Batting: RHB Neal Sánchez
|
0-0: 3-RUN HOME RUN (Flyball, 7D), Distance : 417 ft
|
Thursday, March 30th, 2017 - OOTP Baseball 17.12 Build 75
|
|